 Dungeon Crawl Stone Soup version 0.28.0-53-g5a82cb258f (webtiles) character file.

Game seed: 11177411049196036911

235 styxcanada the Covert (level 5, -1/21 (26) HPs)
             Began as a Spriggan Brigand on July 4, 2022.
             Slain by a necrophage (3 damage)
             ... on level 4 of the Dungeon on July 5, 2022.
             The game lasted 00:10:51 (2774 turns).

styxcanada the Covert (Spriggan Brigand)            Turns: 2774, Time: 00:10:52

HP:   -1/21 (26)    AC:  4    Str:  7    XL:     5   Next: 76%
MP:   7/7           EV: 18    Int: 12    God:
Gold: 68            SH:  0    Dex: 19    Spells: 3/6 levels left

rFire   . . .      SeeInvis +   a - +2 dagger
rCold   . . .      Faith    .   (no shield)
rNeg    . . .      Spirit   .   b - +0 robe
rPois   .          Reflect  .   (helmet restricted)
rElec   .          Harm     .   c - +1 cloak
rCorr   .          Rampage  .   (gloves unavailable)
Will    .....                   (boots unavailable)
Stlth   ++++......              (no amulet)
HPRegen 0.07/turn               f - ring of flight
MPRegen 0.10/turn               (no ring)

@: flying, heavily drained, very quick
A: very small, no large weapons, unfitting armour, see invisible, speed 3
a: no special abilities


You were on level 4 of the Dungeon.
You visited 1 branch of the dungeon, and saw 4 of its levels.

You collected 68 gold pieces.

Inventory:

Hand Weapons
 a - a +2 dagger (weapon)
 j - a +0 hunting sling
Missiles
 d - 15 poisoned darts (quivered)
 e - 2 curare-tipped darts
 k - 81 stones
Armour
 b - a +0 robe (worn)
 c - a +1 cloak (worn)
Jewellery
 f - a ring of flight (left hand)
Wands
 h - a wand of digging (1)
 i - a wand of charming (12)
 p - a wand of iceblast (13)
Scrolls
 g - 3 scrolls of identify
 l - a scroll of teleportation
 q - a scroll of amnesia
Potions
 m - 2 potions of lignification {unknown}
 n - a potion of flight {unknown}
 o - a potion of attraction {unknown}


   Skills:
 * Level 2.2 Fighting
 + Level 3.1 Short Blades
 + Level 2.3 Throwing
 * Level 3.1 Dodging
 * Level 8.3 Stealth
 * Level 1.0 Spellcasting
 * Level 0.5 Summonings
 * Level 1.3 Evocations


You had 3 spell levels left.
You knew the following spells:

 Your Spells              Type           Power      Damage    Failure   Level
a - Call Canine Familiar  Summ           2%         N/A       56%         3

Your spell library contained the following spells:

 Spells                   Type           Power      Damage    Failure   Level
 Summon Small Mammal      Summ           8%         N/A       24%         1
 Sandblast                Erth           0%         2d4       30%         1
 Passwall                 Tmut/Erth      0%         N/A       41%         2
 Summon Guardian Golem    Hex/Summ       1%         N/A       63%         3
 Stone Arrow              Conj/Erth      0%         3d7       65%         3


Dungeon Overview and Level Annotations

Branches:
Dungeon (4/15)
 Temple: D:4-7

Altars:
Qazlal


Innate Abilities, Weirdness & Mutations

You are very small and have problems with some larger weapons.
You are too small for most types of armour.
You have supernaturally acute eyesight. (SInv)
You cover ground extremely quickly. (Speed+++)


Message History

The necrophage barely misses you.
You hit the necrophage but do no damage.
The necrophage is heavily damaged.
The necrophage closely misses you.
You closely miss the necrophage.
The necrophage is heavily damaged.
The necrophage closely misses you.
You hit the necrophage but do no damage.
The necrophage is heavily damaged.
The necrophage hits you.
* * * LOW HITPOINT WARNING * * *
You hit the necrophage but do no damage.
The necrophage is heavily damaged.
The necrophage hits you.
* * * LOW HITPOINT WARNING * * *
You hit the necrophage.
The necrophage is severely damaged.
The necrophage hits you.
* * * LOW HITPOINT WARNING * * *
You feel drained.
You hit the necrophage.
The necrophage is severely damaged.
You hit the necrophage.
The necrophage is severely damaged.
The necrophage closely misses you.
You hit the necrophage but do no damage.
The necrophage is severely damaged.
The necrophage barely misses you.
You barely miss the necrophage.
The necrophage is severely damaged.
The necrophage hits you.
* * * LOW HITPOINT WARNING * * *
You feel drained.
You hit the necrophage.
The necrophage is severely damaged.
The necrophage closely misses you.
You hit the necrophage.
The necrophage is almost destroyed.
The necrophage hits you.
You die... ......
P♣ PPP.....

P.♣ ♣.♣P...# .PP♣♣♣♣.P.
..## ....♣.♣..###..#
###### #..P.....#..#
#...#. #.....##..##
#.....
#.####.@.....#.####..##.
#.......n......##....##.
......†..#...........##..
##.....[.##.(.......##..#
##...........(.....#....
#[.....#.#..............
.......####.............#
........##.....(..<..##..
................†##.....#


You could see a necrophage.

Vanquished Creatures
  A scorpion (D:2)
  A hound (D:4)
  A bullfrog skeleton (D:4)
  An orc wizard (D:3)
  An iguana (D:3)
  An adder (D:2)
  A dart slug (D:1)
  2 orcs (D:3)
  2 ball pythons
  4 endoplasms
  5 giant cockroaches
  6 hobgoblins
  9 jackals
  3 kobolds
  2 quokkas
  5 bats
  A frilled lizard (D:3)
  4 goblins
  7 rats
57 creatures vanquished.

Vanquished Creatures (others)
  3 plants (D:4)
3 creatures vanquished.

Grand Total: 60 creatures vanquished

Notes
Turn   | Place    | Note
-------+----------+-------------------------------------------
     0 | D:1      | styxcanada the Spriggan Brigand began the quest for the
                  | Orb.
     0 | D:1      | Reached XP level 1. HP: 10/10 MP: 2/2
    55 | D:1      | Reached skill level 6 in Stealth
   260 | D:1      | Found a faded altar of an unknown god.
   330 | D:1      | Reached XP level 2. HP: 14/14 MP: 3/3
   755 | D:1      | You are sucked into a shaft and drop 1 floor!
   765 | D:2      | Noticed a scorpion
   772 | D:2      | Killed a scorpion
   773 | D:2      | Reached skill level 7 in Stealth
   773 | D:2      | Reached XP level 3. HP: 18/18 MP: 4/4
   773 | D:2      | Reached XP level 4. HP: 23/23 MP: 5/5
  1694 | D:2      | Learned a level 3 spell: Call Canine Familiar
  1792 | D:3      | Found a stormy altar of Qazlal.
  1927 | D:3      | Reached XP level 5. HP: 19/26 MP: 6/6
  2352 | D:3      | Reached skill level 8 in Stealth
  2352 | D:3      | Reached skill level 1 in Evocations
  2680 | D:4      | Reached skill level 1 in Spellcasting
  2749 | D:4      | Noticed a necrophage
  2774 | D:4      | Slain by a necrophage

Illustrated notes

Levels and vault maps discovered:
D:1:      dpeg_arrival_another_circle, layout_loops_ring,
          ebering_ecumenical_altar_petrified, serial_park_tiny_1,
          minmay_misc_feat_doors
D:2:      layout_basic, grunt_decor_cap
D:3:      layout_basic, mainiacjoe_overflow_catwalk
D:4:      layout_cave_pools, serial_forest, infiniplex_forest_lined_ring,
          infiniplex_forest_straight_1, infiniplex_forest_clump_small,
          infiniplex_forest_clump_curved, infiniplex_forest_lined_room_3,
          infiniplex_forest_3_way, infiniplex_forest_3_way,
          infiniplex_forest_clump_long, kennysheep_diamond

Skill      XL: |  1  2  3  4  5 |
---------------+----------------+-----
Stealth        | 6 7 8 |  8.3
Dodging        | 2 3 |  3.1
Fighting       | 2 |  2.2
Evocations     | 1 |  1.3
Short Blades   | 3 |  3.1
Spellcasting   | 1 |  1.0
Throwing       | |  2.3
Summonings     | |  0.5

Action                   |  1- 3 |  4- 6 || total
-------------------------+-------+-------++-------
Melee: Dagger            |    70 |   114 ||   184
       Punch             |       |     1 ||     1
 Fire: Hunting sling     |       |     2 ||     2
Throw: Dart              |     7 |    20 ||    27
  Use: Scroll            |       |     5 ||     5
 Stab: Sleeping          |     8 |    15 ||    23
Armor: Robe              |     8 |    12 ||    20
Dodge: Dodged            |    64 |    59 ||   123
